 Dungeon Crawl Stone Soup version 0.29.1-1-gd02db69 (webtiles) character file.

Game seed: 9617735573486715928

425 Timinator the Insei (level 6, -1/48 HPs)
             Began as a Demigod Transmuter on Jan 6, 2023.
             Engulfed by a cloud of poison gas (5 damage)
             ... on level 3 of the Dungeon.
             The game lasted 00:13:43 (4413 turns).

Timinator the Insei (Demigod Transmuter)            Turns: 4413, Time: 00:13:44

Health: -1/48      AC:  7    Str: 15    XL:     6   Next: 37%
Magic:  11/11      EV: 12    Int: 15    God:
Gold:   132        SH:  0    Dex: 18    Spells: 6/9 levels left

rFire   . . .      SeeInvis .     - Unarmed
rCold   . . .      Faith    .   (no shield)
rNeg    . . .      Spirit   .   f - +0 ring mail
rPois   .          Reflect  .   o - +0 helmet
rElec   .          Harm     .   a - +0 cloak
rCorr   .          Rampage  .   (no gloves)
Will    .....                   (no boots)
Stlth   +.........              d - amulet of magic regeneration
HPRegen 0.16/turn               (no ring)
MPRegen 0.52/turn               (no ring)

@: lethally poisoned (-1 -> -36), flying
A: high MP 1, forlorn, divine attributes
a: no special abilities


You were on level 3 of the Dungeon.
You visited 1 branch of the dungeon, and saw 4 of its levels.

You collected 132 gold pieces.

Inventory:

Hand Weapons
 b - the +7 staff of the Meek {protect, meekguard}
   (You took it off an orc priest on level 3 of the Dungeon)

   It grants its wielder temporary protection when it strikes (+7 to AC).
   It provides extra protection to wielders with little health.
Missiles
 t - 7 poisoned darts
Armour
 a - a +0 cloak (worn)
 f - a +0 ring mail (worn)
 o - a +0 helmet (worn)
Jewellery
 d - an amulet of magic regeneration (around neck)
Scrolls
 g - a scroll of silence {unknown}
 j - a scroll of noise {unknown}
 l - 3 scrolls of magic mapping
 n - a scroll of teleportation {unknown}
 p - a scroll of torment {unknown}
 r - a scroll of butterflies {unknown}
 u - a scroll of enchant weapon {unknown}
Potions
 e - a potion of haste
 k - a potion of flight
 q - a potion of magic


   Skills:
 * Level 2.2 Fighting
 - Level 3.0 Armour
 * Level 2.8 Dodging
 + Level 4.1 Unarmed Combat
 - Level 2.0 Spellcasting
 * Level 3.2 Transmutations


You had 6 spell levels left.
You knew the following spells:

 Your Spells              Type           Power      Damage    Failure   Level
a - Beastly Appendage     Tmut           22%        N/A       12%         1
b - Wereblood             Tmut           11%        N/A       17%         2

Your spell library contained the following spells:

 Spells                   Type           Power      Damage    Failure   Level
 Necrotise                Necr           4%         1d4       38%         1
 Spider Form              Tmut/Pois      6%         N/A       54%         3
 Call Canine Familiar     Summ           1%         N/A       77%         3
 Portal Projectile        Hex/Tloc       2%         N/A       77%         3
 Vampiric Draining        Necr           1%         2d6       77%         3
 Ice Form                 Ice/Tmut       6%         N/A       91%         4
 Leda's Liquefaction      Hex/Erth       0%         N/A       99%         4
 Agony                    Necr           1%         N/A       100%        5


Dungeon Overview and Level Annotations

Branches:
Dungeon (4/15)
 Temple: D:4-7

Shops:
D:3 [

Annotations:
D:3 1 runed translucent door, vPhantom94's ghost, amateur GrFi


Innate Abilities, Weirdness & Mutations

You have an increased reservoir of magic. (+10% MP)
You shall have no god before yourself.
Your divine heritage dramatically boosts your attributes as you level up.


Message History

An adder comes into view.
You feel sick.
The adder hisses angrily.
You feel sick.
The scorpion stings you but does no damage.
You feel sick.
There is an escape hatch in the ceiling here.
You feel sick.
You are no longer poisoned.
The gnoll hits you with a +0 club.
* * * LOW HITPOINT WARNING * * *
The scorpion stings you but does no damage.
The adder misses you. A mysterious force pulls you upwards.
The hatch slams shut behind you.
Level annotation: 1 runed translucent door, vPhantom94's ghost, amateur GrFi VPhantom94's ghost turns its malevolent gaze towards you.
The jackal barks! x3
Okay, then.
Okay, then.
The air fills with toxic fumes!
As you read the scroll labelled ZESMORPH VUEG, it crumbles to dust.
It was a scroll of poison.
The gnoll hits you with a +0 club.
* * * LOW HITPOINT WARNING * * *
The scorpion stings you.
* * * LOW HITPOINT WARNING * * *
Blink to where?
Press: ? - help, Dir - move target Really blink into that cloud of poison gas? [Y]es or [N]o only, please.
Really blink into that cloud of poison gas?
As you read the scroll labelled IMOCKO SOCIGU, it crumbles to dust.
It was a scroll of blinking.
You are engulfed in poison gas.
You are lethally poisoned!
* * * LOW HITPOINT WARNING * * *
You feel very sick.
It was a potion of flight.
You feel very buoyant.
You fly up into the air.
You are engulfed in poison gas.
You are more poisoned.
You die...

#.#.# #.# #.#.# #.# #.#.#
#.# #.#.# #.###### #.#.#
#......# ### #.#.# ######.#
##.## ##.#.#### ##..###...##
#.......####.#........#
##.#.#....@§###.##...##
###.#..####§#.####.#######
#.#..# ##§§####.#......
#.#..# ####§§s....###.##
####.#..# #....§g§h..###..#
##....#..###.####§#h..h##..#
#..##.#...........§...h..#.#
#..............##.###+####.#
#..##.##.......##.##W[.# #..


You could see a scorpion and a gnoll (swift).

Vanquished Creatures
  A phantom (D:4)
  2 scorpions (D:4)
  An orc priest (D:3)
  2 hounds (D:4)
  An orc wizard (D:4)
  3 adders
  A gnoll (D:4)
  2 worms (D:4)
  A dart slug (D:2)
  12 orcs
  9 ball pythons
  5 bats
  5 endoplasms
  3 giant cockroaches
  4 goblins
  5 hobgoblins
  A quokka (D:1)
  3 frilled lizards
  5 kobolds
  3 rats
69 creatures vanquished.

Notes
Turn   | Place    | Note
-------+----------+-------------------------------------------
     0 | D:1      | Timinator the Demigod Transmuter began the quest for the
                  | Orb.
     0 | D:1      | Reached XP level 1. HP: 15/15 MP: 5/5
   317 | D:1      | Reached skill level 1 in Fighting
   401 | D:1      | Reached XP level 2. HP: 23/23 MP: 7/7
   428 | D:1      | Reached skill level 3 in Unarmed Combat
  1663 | D:2      | Reached XP level 3. HP: 26/28 MP: 8/8
  1915 | D:3      | Found a runed translucent door.
  1915 | D:3      | Noticed vPhantom94's ghost (amateur GrFi)
  2063 | D:3      | Reached skill level 1 in Armour
  2063 | D:3      | Reached XP level 4. HP: 9/35 MP: 9/9
  2610 | D:3      | Learned a level 2 spell: Wereblood
  2658 | D:3      | Found Tuuvov's Armour Shop.
  3257 | D:4      | Reached XP level 5. HP: 7/41 MP: 10/10
  3979 | D:4      | Reached XP level 6. HP: 37/48 MP: 11/11
  4114 | D:4      | Reached skill level 4 in Unarmed Combat
  4413 | D:3      | Engulfed by a cloud of poison gas

Illustrated notes

Levels and vault maps discovered:
D:1:      matt_arrival_spirals, layout_basic
D:2:      layout_loops_corners
D:3:      layout_loops_ring, gammafunk_ghost_grave, serial_shops, shop,
          minmay_stone_trees_small, hangedman_decor_clover_reticule,
          minmay_misc_feat_enclosed
D:4:      layout_cave_pools, nicolae_overflow_two_pavilions,
          nicolae_hexahallways, minmay_misc_feat_five, minmay_diced_spiral,
          uniq_crazy_yiuf_cottage

Skill      XL: |  1  2  3  4  5  6 |
---------------+-------------------+-----
Fighting       | 1 2 |  2.2
Unarmed Combat | 3 4 |  4.1
Transmutations | 2 3 |  3.2
Dodging        | 2 |  2.8
Spellcasting   | 2 |  2.0
Armour         | 1 2 3 |  3.0

Action                   |  1- 3 |  4- 6 || total
-------------------------+-------+-------++-------
Melee: Unarmed           |    84 |   161 ||   245
       Kick              |    16 |    25 ||    41
       Headbutt          |     6 |    11 ||    17
       Punch             |     1 |     3 ||     4
 Cast: Beastly Appendage |    18 |    10 ||    28
       Wereblood         |       |     3 ||     3
  Use: Potion            |     1 |     4 ||     5
       Scroll            |       |     8 ||     8
 Stab: Sleeping          |       |     1 ||     1
Armor: Robe              |     4 |       ||     4
       Leather armour    |     6 |    18 ||    24
       Skin              |     2 |       ||     2
       Ring mail         |       |    19 ||    19
Dodge: Dodged            |    60 |    81 ||   141
